Montreal Canadiens vs Calgary Flames
Created - Tuesday, September 17, 2024 at 08:18
Goals
|
| Montreal Canadiens |
0 |
4 |
0 |
4 |
| Calgary Flames |
1 |
1 |
1 |
3 |
|
Shots
|
| Montreal Canadiens |
7 |
15 |
9 |
31 |
| Calgary Flames |
7 |
13 |
8 |
28 |
|
1st period
1. Calgary Flames , Matthew Tkachuk 10 (J.T. Miller 21, Drew Doughty 10) at 13:01
Penalties :
Drew Doughty (CGY) for Roughing (Double Minor) at 2:28, Vincent Trocheck (MTL) for Tripping (Minor) at 9:40
2nd period
2. Montreal Canadiens , Jonathan Marchessault 11 (Adam Fox 7) at 2:10
3. Montreal Canadiens , Ryan Lindgren 2 (Vincent Trocheck 19, Dylan Larkin 21) at 5:14
4. Montreal Canadiens , Dylan Larkin 15 (Jonathan Marchessault 11) at 11:45 (PP)
5. Calgary Flames , Joel Eriksson Ek 8 (Oliver Bjorkstrand 8) at 12:51
6. Montreal Canadiens , Dylan Larkin 16 (Vincent Trocheck 20) at 13:53
Penalties :
Rasmus Andersson (CGY) for Cross-checking (Minor) at 10:51, Sebastian Aho (CGY) for Roughing (Minor) at 18:09
3rd period
7. Calgary Flames , Oliver Bjorkstrand 6 (Kris Letang 4, Joel Eriksson Ek 11) at 8:08
Penalties :
Brady Skjei (MTL) for Holding (Minor) at 11:39, Timo Meier (CGY) for Cross-checking (Minor) at 15:34
Goalie Stats
David Rittich (MTL), 25 saves from 28 shots - (0.893), W, 1-3-1, 60:00 minutes
Ilya Sorokin (CGY), 27 saves from 31 shots - (0.871), L, 11-10-1, 60:00 minutes
Players Stats for Montreal Canadiens
Player Name G A P +/- PIM S H SB GA TA FO MP PP MP PK MP
------------------------------------------------------------------------------------
Adam Fox 0 1 1 1 0 0 0 1 2 0 0/0 25:05 4:26 2:22
Aliaksei Protas 0 0 0 0 0 1 0 0 1 0 0/0 7:58 1:04 0:00
Brady Skjei 0 0 0 -3 2 2 1 1 2 2 0/0 20:56 3:54 1:03
Claude Giroux 0 0 0 1 0 1 2 0 0 0 18/32 20:57 4:01 2:00
Damon Severson 0 0 0 1 0 0 1 1 1 0 0/0 18:45 3:49 0:00
Dylan Larkin 2 1 3 0 0 5 3 1 1 1 13/21 22:22 3:59 1:43
Ilya Lyubushkin 0 0 0 -2 0 0 1 1 0 0 0/0 14:30 1:08 0:33
Jaden Schwartz 0 0 0 -1 0 1 0 1 1 0 0/0 9:03 0:29 0:00
Jake Evans 0 0 0 -1 0 1 0 1 0 0 2/8 10:26 0:00 1:52
Jonathan Marchessault 1 1 2 1 0 5 1 0 0 0 0/0 19:23 4:19 0:00
Juraj Slafkovsky 0 0 0 -1 0 0 0 0 1 1 0/0 13:18 3:56 0:27
Luke Glendening 0 0 0 0 0 1 1 0 0 0 1/2 8:01 0:10 0:00
Martin Necas 0 0 0 1 0 2 0 0 0 0 0/1 16:18 1:02 0:00
Patrik Laine 0 0 0 0 0 1 1 1 0 0 1/2 19:52 3:34 0:51
Ryan Lindgren 1 0 1 2 0 3 2 0 0 0 0/0 17:12 0:36 1:48
Tyler Myers 0 0 0 1 0 1 0 1 0 0 0/0 23:34 3:49 2:10
Vincent Trocheck 0 2 2 0 2 7 2 0 0 0 1/1 21:44 3:59 1:03
Vladislav Namestnikov 0 0 0 0 0 0 0 0 0 0 0/0 6:36 0:00 0:00
Players Stats for Calgary Flames
Player Name G A P +/- PIM S H SB GA TA FO MP PP MP PK MP
------------------------------------------------------------------------------------
Cole Sillinger 0 0 0 -2 0 1 2 1 1 0 1/2 10:41 0:00 2:06
Drew Doughty 0 1 1 0 4 1 1 1 1 1 0/0 20:37 1:48 1:46
Garnet Hathaway 0 0 0 2 0 0 2 1 0 0 1/1 10:29 0:00 0:00
J.T. Miller 0 1 1 0 0 1 1 1 2 0 12/20 17:56 2:21 1:22
Jake Middleton 0 0 0 0 0 1 0 1 0 2 0/0 15:02 0:00 0:38
Jeff Petry 0 0 0 0 0 3 0 1 0 1 0/0 23:16 2:10 5:16
Jeremy Lauzon 0 0 0 0 0 0 1 1 0 1 0/0 16:29 0:00 2:05
Joel Eriksson Ek 1 1 2 2 0 1 1 1 0 0 4/16 16:14 1:37 4:10
Kris Letang 0 1 1 0 0 1 0 2 0 0 0/0 21:45 1:48 3:00
Matthew Tkachuk 1 0 1 0 0 4 1 0 0 1 1/1 19:47 1:37 3:48
Nic Dowd 0 0 0 -2 0 1 1 0 0 0 1/1 8:27 0:00 0:00
Oliver Bjorkstrand 1 1 2 2 0 4 0 0 0 1 1/2 10:57 0:00 0:00
Pavel Zacha 0 0 0 0 0 0 2 1 0 0 2/4 20:06 1:37 3:44
Rasmus Andersson 0 0 0 0 2 1 0 2 0 0 0/0 22:18 2:10 4:19
Sebastian Aho 0 0 0 0 2 6 1 0 0 0 7/14 18:49 2:21 2:59
Timo Meier 0 0 0 0 2 0 1 0 0 2 0/2 13:50 0:00 0:00
Yakov Trenin 0 0 0 -2 0 2 0 0 0 0 0/0 8:09 0:00 0:00
Zach Hyman 0 0 0 0 0 1 0 1 0 0 1/4 16:13 2:21 0:11
3 Stars
1 - Dylan Larkin (MTL)
2 - Joel Eriksson Ek (CGY)
3 - Jonathan Marchessault (MTL)
Power Play
Montreal Canadiens - 1 on 5 Attempt(s) - 20.00%
Calgary Flames - 0 on 2 Attempt(s) - 0.00%
Penalty Kill
Montreal Canadiens - 2 on 2 Attempt(s) - 100.00%
- Score 0 goal in Penalty Kill
Calgary Flames - 4 on 5 Attempt(s) - 80.00%
- Score 0 goal in Penalty Kill
Team Stat
Montreal Canadiens - Hits : 15 - Faceoff Wins : 36 - Blocked Shots : 9 - Penalty Minutes : 4
Calgary Flames - Hits : 14 - Faceoff Wins : 31 - Blocked Shots : 14 - Penalty Minutes : 10
Official
Referees : Graham Skilliter and Kevin Pollock
Linesman : CJ Murray and Ryan Daisy
Game Notes
8:44 of 2nd period - Calgary Flames goal is going for a video replay. After video review, No Goal. The referee deems the play has been stopped, even if he had not physically had the opportunity to stop play by blowing his whistle.
Finance
Level 1 -- Attendance: 4616 (76.93%) -- Ticket Income $461,600
Level 2 -- Attendance: 3946 (78.92%) -- Ticket Income $236,760
Level 3 -- Attendance: 2411 (80.37%) -- Ticket Income $84,385
Level 4 -- Attendance: 3746 (74.92%) -- Ticket Income $93,650
Luxury Box -- Attendance: 781 (78.10%) -- Ticket Income $156,200
Game was played at the Scotiabank Saddledome.
Total Attendance: 15500 (77.50%)
Total Ticket Income: $1,032,595
Other Income: $361,408
Total Income: $1,394,003
Montreal Canadiens
5 vs 5 Forward
Center Left Wing Right Wing Time % Phy DF OF
1 Dylan Larkin Patrik Laine Vincent Trocheck 35 1 2 2
2 Claude Giroux Jonathan Marchessault Martin Necas 35 1 2 2
3 Jake Evans Jaden Schwartz Juraj Slafkovsky 20 1 2 2
4 Luke Glendening Vladislav Namestnikov Aliaksei Protas 10 1 3 1
5 vs 5 Defense
Defense Defense Time % Phy DF OF
1 Tyler Myers Ryan Lindgren 33 1 3 1
2 Adam Fox Damon Severson 33 1 3 1
3 Brady Skjei Ilya Lyubushkin 24 1 3 1
4 Tyler Myers Brady Skjei 10 1 3 1
PowerPlay Forward
Center Left Wing Right Wing Time % Phy DF OF
1 Dylan Larkin Jonathan Marchessault Vincent Trocheck 50 0 0 5
2 Claude Giroux Patrik Laine Juraj Slafkovsky 50 0 0 5
PowerPlay Defense
Defense Defense Time % Phy DF OF
1 Adam Fox Brady Skjei 50 0 1 4
2 Tyler Myers Damon Severson 50 0 1 4
Penalty Kill 4 Players Forward
Center Wing Time % Phy DF OF
1 Vincent Trocheck Claude Giroux 50 1 3 1
2 Dylan Larkin Jake Evans 50 1 3 1
Penalty Kill 4 Players Defense
Defense Defense Time % Phy DF OF
1 Adam Fox Ryan Lindgren 50 1 4 0
2 Tyler Myers Brady Skjei 50 1 4 0
Penalty Kill - 3 Players Forward
Forward Time % Phy DF OF
1 Vincent Trocheck 50 1 4 0
2 Dylan Larkin 50 1 4 0
Penalty Kill - 3 Players Defense
Defense Defense Time % Phy DF OF
1 Adam Fox Ryan Lindgren 50 1 4 0
2 Tyler Myers Brady Skjei 50 1 4 0
4 vs 4 Forward
Center Wing Time % Phy DF OF
1 Vincent Trocheck Jonathan Marchessault 50 1 2 2
2 Dylan Larkin Patrik Laine 50 1 2 2
4 vs 4 Defense
Defense Defense Time % Phy DF OF
1 Adam Fox Brady Skjei 50 1 2 2
2 Tyler Myers Damon Severson 50 1 2 2
Last Minutes Offensive
Center Left Wing Right Wing Defense Defense
Dylan Larkin Jonathan Marchessault Vincent Trocheck Adam Fox Brady Skjei
Last Minutes Defensive
Center Left Wing Right Wing Defense Defense
Dylan Larkin Luke Glendening Vincent Trocheck Adam Fox Ryan Lindgren
Goaltenders
Starting : David Rittich
Backup : Jacob Markstrom
Extra Forwards
Normal : Vincent Trocheck, Dylan Larkin, Claude Giroux - PP : Martin Necas, Juraj Slafkovsky - PK : Jake Evans
Extra Defensemen
Normal : Adam Fox, Brady Skjei, Damon Severson - PP : Adam Fox - PK : Adam Fox, Brady Skjei
Penalty Shots
Patrik Laine, Vincent Trocheck, Claude Giroux, Jonathan Marchessault, Damon Severson
Scratches
Evgeni Dadonov (Healthy), Alexandre Carrier (Healthy)
Calgary Flames
5 vs 5 Forward
Center Left Wing Right Wing Time % Phy DF OF
1 J.T. Miller Pavel Zacha Matthew Tkachuk 30 1 2 2
2 Sebastian Aho Zach Hyman Timo Meier 30 1 2 2
3 Joel Eriksson Ek Oliver Bjorkstrand Garnet Hathaway 25 1 2 2
4 Cole Sillinger Yakov Trenin Nic Dowd 15 1 2 2
5 vs 5 Defense
Defense Defense Time % Phy DF OF
1 Drew Doughty Kris Letang 35 1 2 2
2 Rasmus Andersson Jeff Petry 35 1 2 2
3 Jake Middleton Jeremy Lauzon 30 1 2 2
4 Drew Doughty Kris Letang 0 1 2 2
PowerPlay Forward
Center Left Wing Right Wing Time % Phy DF OF
1 Joel Eriksson Ek Pavel Zacha Matthew Tkachuk 50 1 2 2
2 Sebastian Aho Zach Hyman J.T. Miller 50 1 2 2
PowerPlay Defense
Defense Defense Time % Phy DF OF
1 Drew Doughty Kris Letang 50 1 2 2
2 Rasmus Andersson Jeff Petry 50 1 2 2
Penalty Kill 4 Players Forward
Center Wing Time % Phy DF OF
1 Pavel Zacha Sebastian Aho 50 1 2 2
2 Joel Eriksson Ek Matthew Tkachuk 50 1 2 2
Penalty Kill 4 Players Defense
Defense Defense Time % Phy DF OF
1 Drew Doughty Kris Letang 50 1 2 2
2 Rasmus Andersson Jeff Petry 50 1 2 2
Penalty Kill - 3 Players Forward
Forward Time % Phy DF OF
1 Matthew Tkachuk 50 1 2 2
2 Sebastian Aho 50 1 2 2
Penalty Kill - 3 Players Defense
Defense Defense Time % Phy DF OF
1 Drew Doughty Kris Letang 50 1 2 2
2 Rasmus Andersson Jeff Petry 50 1 2 2
4 vs 4 Forward
Center Wing Time % Phy DF OF
1 Pavel Zacha Sebastian Aho 50 1 2 2
2 Joel Eriksson Ek Matthew Tkachuk 50 1 2 2
4 vs 4 Defense
Defense Defense Time % Phy DF OF
1 Drew Doughty Kris Letang 50 1 2 2
2 Rasmus Andersson Jeff Petry 50 1 2 2
Last Minutes Offensive
Center Left Wing Right Wing Defense Defense
J.T. Miller Pavel Zacha Matthew Tkachuk Drew Doughty Kris Letang
Last Minutes Defensive
Center Left Wing Right Wing Defense Defense
J.T. Miller Pavel Zacha Matthew Tkachuk Drew Doughty Kris Letang
Goaltenders
Starting : Ilya Sorokin
Backup : Samuel Montembeault
Extra Forwards
Normal : Nic Dowd, Oliver Bjorkstrand, Cole Sillinger - PP : Nic Dowd, Oliver Bjorkstrand - PK : Cole Sillinger
Extra Defensemen
Normal : Jake Middleton, Jeremy Lauzon, Rasmus Andersson - PP : Jake Middleton - PK : Jeremy Lauzon, Rasmus Andersson
Penalty Shots
J.T. Miller, Sebastian Aho, Joel Eriksson Ek, Matthew Tkachuk, Pavel Zacha
Scratches
Noel Acciari (Healthy), Rafael Harvey-Pinard (Healthy), Mathieu Joseph (Healthy)
% Time on Ice - Montreal Canadiens
Lines # - Real PCT - Wanted PCT - Time Play
Normal Forward
1 - 33% - 35% - 15:16
2 - 34% - 35% - 15:30
3 - 19% - 20% - 8:34
4 - 14% - 10% - 6:36
Normal Defense
1 - 34% - 33% - 15:39
2 - 34% - 33% - 15:43
3 - 26% - 24% - 11:57
4 - 6% - 10% - 2:37
PP Forward
1 - 51% - 50% - 4:31
2 - 49% - 50% - 4:20
PP Defense
1 - 57% - 50% - 5:02
2 - 43% - 50% - 3:49
PK Forward
1 - 57% - 50% - 2:15
2 - 43% - 50% - 1:43
PK Defense
1 - 45% - 50% - 1:48
2 - 55% - 50% - 2:10
PK3 Forward
1 - 0% - 50%
2 - 0% - 50%
PK3 Defense
1 - 0% - 50%
2 - 0% - 50%
44 Forward
1 - 0% - 50%
2 - 0% - 50%
44 Defense
1 - 0% - 50%
2 - 0% - 50%
Last Minute Offensive - 0:00
Last Minute Defensive - 1:15
Total
Forward - 60:00
Defense - 60:00
|
% Time on Ice - Calgary Flames
Lines # - Real PCT - Wanted PCT - Time Play
Normal Forward
1 - 29% - 30% - 13:12
2 - 31% - 30% - 14:06
3 - 23% - 25% - 10:29
4 - 18% - 15% - 8:09
Normal Defense
1 - 34% - 35% - 15:49
2 - 34% - 35% - 15:43
3 - 31% - 30% - 14:24
4 - 0% - 0% - 0:00
PP Forward
1 - 41% - 50% - 1:37
2 - 59% - 50% - 2:21
PP Defense
1 - 45% - 50% - 1:48
2 - 55% - 50% - 2:10
PK Forward
1 - 50% - 50% - 4:24
2 - 50% - 50% - 4:27
PK Defense
1 - 48% - 50% - 4:17
2 - 52% - 50% - 4:34
PK3 Forward
1 - 0% - 50%
2 - 0% - 50%
PK3 Defense
1 - 0% - 50%
2 - 0% - 50%
44 Forward
1 - 0% - 50%
2 - 0% - 50%
44 Defense
1 - 0% - 50%
2 - 0% - 50%
Last Minute Offensive - 1:15
Last Minute Defensive - 0:00
Total
Forward - 60:00
Defense - 60:00
|
Play-by-Play
1st period
0:01 of 1st period - Dylan Larkin wins face-off versus J.T. Miller in neutral zone.
0:14 of 1st period - Snap shot by J.T. Miller.
0:14 of 1st period - Deflect By Matthew Tkachuk.
0:14 of 1st period - Stopped by David Rittich without a rebound.
0:15 of 1st period - Claude Giroux wins face-off versus Sebastian Aho in Montreal Canadiens zone.
0:28 of 1st period - Snap shot by Martin Necas.
0:28 of 1st period - Shot Misses the Net.
1:28 of 1st period - Icing by Dylan Larkin.
1:29 of 1st period - J.T. Miller wins face-off versus Dylan Larkin in Montreal Canadiens zone.
1:38 of 1st period - Snap shot by Matthew Tkachuk.
1:38 of 1st period - Shot Misses the Net.
2:05 of 1st period - Slapshot by J.T. Miller.
2:05 of 1st period - Shot Misses the Net.
2:14 of 1st period - Matthew Tkachuk is hit by Dylan Larkin and loses puck.
2:28 of 1st period - Double Minor Penalty to Drew Doughty for Roughing.
2:29 of 1st period - Matthew Tkachuk wins face-off versus Claude Giroux in Calgary Flames zone.
4:28 of 1st period - Sebastian Aho is hit by Patrik Laine and loses puck.
4:59 of 1st period - Rasmus Andersson is hit by Luke Glendening.
5:21 of 1st period - Aliaksei Protas is hit by Matthew Tkachuk and loses puck.
5:53 of 1st period - Icing by Ryan Lindgren.
5:54 of 1st period - Claude Giroux wins face-off versus Pavel Zacha in Montreal Canadiens zone.
6:28 of 1st period - Penalty to Drew Doughty is over, Drew Doughty is back on ice.
7:33 of 1st period - Slapshot by Adam Fox.
7:33 of 1st period - Shot Misses the Net.
7:59 of 1st period - Wrist shot by Vincent Trocheck.
7:59 of 1st period - Stopped by Ilya Sorokin without a rebound.
8:00 of 1st period - Dylan Larkin wins face-off versus Oliver Bjorkstrand in Calgary Flames zone.
8:05 of 1st period - Wrist shot by Dylan Larkin.
8:05 of 1st period - Shot Misses the Net.
8:07 of 1st period - Wrist shot by Vincent Trocheck.
8:07 of 1st period - Shot Misses the Net.
8:09 of 1st period - Wrist shot by Vincent Trocheck.
8:09 of 1st period - Shot Misses the Net.
8:11 of 1st period - Slapshot by Ryan Lindgren.
8:11 of 1st period - Stopped by Ilya Sorokin with a rebound.
8:13 of 1st period - Snap shot by Vincent Trocheck.
8:13 of 1st period - Stopped by Ilya Sorokin without a rebound.
8:14 of 1st period - Sebastian Aho wins face-off versus Claude Giroux in Calgary Flames zone.
8:30 of 1st period - Slapshot by Sebastian Aho.
8:30 of 1st period - Shot Misses the Net.
8:43 of 1st period - Off-side.
8:44 of 1st period - Dylan Larkin wins face-off versus J.T. Miller in neutral zone.
8:58 of 1st period - Snap shot by J.T. Miller.
8:58 of 1st period - Stopped by David Rittich with a rebound.
9:00 of 1st period - Wrist shot by Pavel Zacha.
9:00 of 1st period - Shot Misses the Net.
9:02 of 1st period - Snap shot by Matthew Tkachuk.
9:02 of 1st period - Stopped by David Rittich without a rebound.
9:03 of 1st period - Claude Giroux wins face-off versus Zach Hyman in Montreal Canadiens zone.
9:40 of 1st period - Minor Penalty to Vincent Trocheck for Tripping.
9:41 of 1st period - Joel Eriksson Ek wins face-off versus Jake Evans in Montreal Canadiens zone.
9:45 of 1st period - Wrist shot by Matthew Tkachuk.
9:45 of 1st period - Stopped by David Rittich with a rebound.
11:40 of 1st period - Penalty to Vincent Trocheck is over, Vincent Trocheck is back on ice.
11:56 of 1st period - Wrist shot by Claude Giroux.
11:56 of 1st period - Stopped by Ilya Sorokin with a rebound.
12:04 of 1st period - Slapshot by Cole Sillinger.
12:04 of 1st period - Stopped by David Rittich without a rebound.
12:05 of 1st period - Luke Glendening wins face-off versus Joel Eriksson Ek in Montreal Canadiens zone.
12:59 of 1st period - Wrist shot by Matthew Tkachuk.
12:59 of 1st period - Shot Misses the Net.
13:01 of 1st period - Slapshot by Matthew Tkachuk.
13:01 of 1st period - Goal by Matthew Tkachuk - Montreal Canadiens : 0 - Calgary Flames : 1.
13:02 of 1st period - Zach Hyman wins face-off versus Claude Giroux in neutral zone.
13:17 of 1st period - Wrist shot by Sebastian Aho.
13:17 of 1st period - Shot Misses the Net.
13:28 of 1st period - Icing by Claude Giroux.
13:29 of 1st period - Garnet Hathaway wins face-off versus Claude Giroux in Montreal Canadiens zone.
13:44 of 1st period - Slapshot by Martin Necas.
13:44 of 1st period - Shot Misses the Net.
14:08 of 1st period - Wrist shot by Dylan Larkin.
14:08 of 1st period - Stopped by Ilya Sorokin without a rebound.
14:09 of 1st period - J.T. Miller wins face-off versus Jake Evans in Calgary Flames zone.
14:46 of 1st period - Snap shot by Sebastian Aho.
14:46 of 1st period - Deflect By Zach Hyman.
14:46 of 1st period - Shot Misses the Net.
14:46 of 1st period - Puck is out of play.
14:47 of 1st period - Claude Giroux wins face-off versus Joel Eriksson Ek in Montreal Canadiens zone.
15:02 of 1st period - Backhand shot by Oliver Bjorkstrand.
15:02 of 1st period - Shot Misses the Net.
15:12 of 1st period - Jeremy Lauzon is hit by Vincent Trocheck and loses puck.
15:39 of 1st period - Snap shot by Jaden Schwartz.
15:39 of 1st period - Stopped by Ilya Sorokin with a rebound.
15:57 of 1st period - Slapshot by Aliaksei Protas.
15:57 of 1st period - Shot Blocked by Rasmus Andersson.
16:44 of 1st period - Jonathan Marchessault is hit by Jeremy Lauzon and loses puck.
17:17 of 1st period - Off-side.
17:18 of 1st period - Claude Giroux wins face-off versus Timo Meier in neutral zone.
17:26 of 1st period - Off-side.
17:27 of 1st period - Claude Giroux wins face-off versus Zach Hyman in neutral zone.
17:32 of 1st period - Sebastian Aho is hit by Jonathan Marchessault.
17:54 of 1st period - Wrist shot by Sebastian Aho.
17:54 of 1st period - Shot Blocked by Brady Skjei.
18:34 of 1st period - Snap shot by Sebastian Aho.
18:34 of 1st period - Stopped by David Rittich without a rebound.
18:35 of 1st period - Dylan Larkin wins face-off versus Joel Eriksson Ek in Montreal Canadiens zone.
19:09 of 1st period - Wrist shot by Adam Fox.
19:09 of 1st period - Shot Blocked by Drew Doughty.
19:27 of 1st period - Wrist shot by Aliaksei Protas.
19:27 of 1st period - Shot Misses the Net.
19:29 of 1st period - Slapshot by Luke Glendening.
19:29 of 1st period - Stopped by Ilya Sorokin without a rebound.
19:30 of 1st period - Dylan Larkin wins face-off versus Joel Eriksson Ek in Calgary Flames zone.
19:41 of 1st period - Snap shot by Vincent Trocheck.
19:41 of 1st period - Shot Blocked by Jeremy Lauzon.
19:55 of 1st period - Jaden Schwartz is hit by J.T. Miller and loses puck.
Goals for this period are 0 for Montreal Canadiens vs 1 for Calgary Flames.
Shots for this period are 7 for Montreal Canadiens vs 7 for Calgary Flames.
2nd period
0:01 of 2nd period - J.T. Miller wins face-off versus Claude Giroux in neutral zone.
0:23 of 2nd period - Icing by Ryan Lindgren.
0:24 of 2nd period - Claude Giroux wins face-off versus Joel Eriksson Ek in Montreal Canadiens zone.
0:39 of 2nd period - Snap shot by Oliver Bjorkstrand.
0:39 of 2nd period - Shot Blocked by Patrik Laine.
0:51 of 2nd period - Juraj Slafkovsky is hit by Pavel Zacha and loses puck.
1:41 of 2nd period - Slapshot by Aliaksei Protas.
1:41 of 2nd period - Shot Blocked by Cole Sillinger.
2:00 of 2nd period - Snap shot by Oliver Bjorkstrand.
2:00 of 2nd period - Stopped by David Rittich without a rebound.
2:01 of 2nd period - Claude Giroux wins face-off versus J.T. Miller in Montreal Canadiens zone.
2:10 of 2nd period - Wrist shot by Jonathan Marchessault.
2:10 of 2nd period - Goal by Jonathan Marchessault - Montreal Canadiens : 1 - Calgary Flames : 1.
2:11 of 2nd period - J.T. Miller wins face-off versus Claude Giroux in neutral zone.
4:17 of 2nd period - Wrist shot by Oliver Bjorkstrand.
4:17 of 2nd period - Stopped by David Rittich without a rebound.
4:18 of 2nd period - Vincent Trocheck wins face-off versus Joel Eriksson Ek in Montreal Canadiens zone.
4:33 of 2nd period - Snap shot by Oliver Bjorkstrand.
4:33 of 2nd period - Shot Misses the Net.
4:48 of 2nd period - Snap shot by Dylan Larkin.
4:48 of 2nd period - Shot Misses the Net.
5:12 of 2nd period - Snap shot by Vincent Trocheck.
5:12 of 2nd period - Shot Misses the Net.
5:14 of 2nd period - Slapshot by Ryan Lindgren.
5:14 of 2nd period - Goal by Ryan Lindgren - Montreal Canadiens : 2 - Calgary Flames : 1.
5:15 of 2nd period - Sebastian Aho wins face-off versus Claude Giroux in neutral zone.
5:23 of 2nd period - Wrist shot by Claude Giroux.
5:23 of 2nd period - Shot Misses the Net.
5:25 of 2nd period - Slapshot by Ryan Lindgren.
5:25 of 2nd period - Shot Blocked by Jeff Petry.
5:27 of 2nd period - Snap shot by Jonathan Marchessault.
5:27 of 2nd period - Shot Blocked by Rasmus Andersson.
5:29 of 2nd period - Wrist shot by Jonathan Marchessault.
5:29 of 2nd period - Stopped by Ilya Sorokin without a rebound.
5:30 of 2nd period - Joel Eriksson Ek wins face-off versus Jake Evans in Calgary Flames zone.
5:32 of 2nd period - Icing by Oliver Bjorkstrand.
5:33 of 2nd period - Joel Eriksson Ek wins face-off versus Jake Evans in Calgary Flames zone.
5:44 of 2nd period - Wrist shot by Juraj Slafkovsky.
5:44 of 2nd period - Shot Misses the Net.
5:46 of 2nd period - Snap shot by Tyler Myers.
5:46 of 2nd period - Shot Blocked by Joel Eriksson Ek.
5:48 of 2nd period - Snap shot by Jake Evans.
5:48 of 2nd period - Stopped by Ilya Sorokin without a rebound.
5:49 of 2nd period - Claude Giroux wins face-off versus Sebastian Aho in Calgary Flames zone.
6:45 of 2nd period - Snap shot by Adam Fox.
6:45 of 2nd period - Shot Misses the Net.
6:47 of 2nd period - Slapshot by Adam Fox.
6:47 of 2nd period - Shot Blocked by Kris Letang.
6:49 of 2nd period - Snap shot by Jake Evans.
6:49 of 2nd period - Shot Misses the Net.
8:03 of 2nd period - Wrist shot by Cole Sillinger.
8:03 of 2nd period - Shot Misses the Net.
8:05 of 2nd period - Slapshot by Jeff Petry.
8:05 of 2nd period - Shot Misses the Net.
8:07 of 2nd period - Slapshot by Rasmus Andersson.
8:07 of 2nd period - Stopped by David Rittich without a rebound.
8:08 of 2nd period - Nic Dowd wins face-off versus Patrik Laine in Montreal Canadiens zone.
8:40 of 2nd period - Backhand shot by Sebastian Aho.
8:40 of 2nd period - Stopped by David Rittich with a rebound.
8:42 of 2nd period - Wrist shot by Zach Hyman.
8:42 of 2nd period - Stopped by David Rittich with a rebound.
8:44 of 2nd period - Wrist shot by Sebastian Aho.
8:44 of 2nd period - Calgary Flames goal is going for a video replay.
8:44 of 2nd period - The goal is refused. The referee deems the play has been stopped, even if he had not physically had the opportunity to stop play by blowing his whistle..
8:45 of 2nd period - Jake Evans wins face-off versus Sebastian Aho in Montreal Canadiens zone.
8:52 of 2nd period - Slapshot by Adam Fox.
8:52 of 2nd period - Shot Misses the Net.
9:13 of 2nd period - Off-side.
9:14 of 2nd period - Claude Giroux wins face-off versus Joel Eriksson Ek in neutral zone.
9:41 of 2nd period - Slapshot by Tyler Myers.
9:41 of 2nd period - Stopped by Ilya Sorokin with a rebound.
9:43 of 2nd period - Slapshot by Brady Skjei.
9:43 of 2nd period - Shot Blocked by Pavel Zacha.
9:45 of 2nd period - Slapshot by Brady Skjei.
9:45 of 2nd period - Stopped by Ilya Sorokin without a rebound.
9:46 of 2nd period - Dylan Larkin wins face-off versus Sebastian Aho in Calgary Flames zone.
10:13 of 2nd period - Patrik Laine is hit by Garnet Hathaway and loses puck.
10:20 of 2nd period - Slapshot by Oliver Bjorkstrand.
10:20 of 2nd period - Stopped by David Rittich with a rebound.
10:40 of 2nd period - Snap shot by Vincent Trocheck.
10:40 of 2nd period - Deflect By Joel Eriksson Ek.
10:40 of 2nd period - Shot Misses the Net.
10:40 of 2nd period - Puck is out of play.
10:41 of 2nd period - Claude Giroux wins face-off versus J.T. Miller in Calgary Flames zone.
10:44 of 2nd period - Wrist shot by Jonathan Marchessault.
10:44 of 2nd period - Stopped by Ilya Sorokin without a rebound.
10:45 of 2nd period - Claude Giroux wins face-off versus J.T. Miller in Calgary Flames zone.
10:51 of 2nd period - Minor Penalty to Rasmus Andersson for Cross-checking.
10:52 of 2nd period - Pavel Zacha wins face-off versus Dylan Larkin in Calgary Flames zone.
11:02 of 2nd period - Backhand shot by Dylan Larkin.
11:02 of 2nd period - Deflect By Vincent Trocheck.
11:02 of 2nd period - Deflect By Sebastian Aho.
11:02 of 2nd period - Shot Misses the Net.
11:02 of 2nd period - Puck is out of play.
11:03 of 2nd period - Joel Eriksson Ek wins face-off versus Dylan Larkin in Calgary Flames zone.
11:45 of 2nd period - Snap shot by Dylan Larkin.
11:45 of 2nd period - Goal by Dylan Larkin - Montreal Canadiens : 3 - Calgary Flames : 1.
11:46 of 2nd period - Sebastian Aho wins face-off versus Jake Evans in neutral zone.
11:51 of 2nd period - Snap shot by Zach Hyman.
11:51 of 2nd period - Shot Misses the Net.
11:58 of 2nd period - Off-side.
11:59 of 2nd period - J.T. Miller wins face-off versus Claude Giroux in neutral zone.
12:25 of 2nd period - Dylan Larkin is hit by Garnet Hathaway.
12:29 of 2nd period - Snap shot by Joel Eriksson Ek.
12:29 of 2nd period - Shot Misses the Net.
12:31 of 2nd period - Slapshot by Jeff Petry.
12:31 of 2nd period - Stopped by David Rittich without a rebound.
12:32 of 2nd period - Dylan Larkin wins face-off versus Joel Eriksson Ek in Montreal Canadiens zone.
12:51 of 2nd period - Wrist shot by Joel Eriksson Ek.
12:51 of 2nd period - Goal by Joel Eriksson Ek - Montreal Canadiens : 3 - Calgary Flames : 2.
12:52 of 2nd period - Claude Giroux wins face-off versus Timo Meier in neutral zone.
13:51 of 2nd period - Snap shot by Vincent Trocheck.
13:51 of 2nd period - Shot Misses the Net.
13:53 of 2nd period - Slapshot by Dylan Larkin.
13:53 of 2nd period - Goal by Dylan Larkin - Montreal Canadiens : 4 - Calgary Flames : 2.
13:54 of 2nd period - Sebastian Aho wins face-off versus Claude Giroux in neutral zone.
13:57 of 2nd period - Slapshot by Jeff Petry.
13:57 of 2nd period - Stopped by David Rittich with a rebound.
14:03 of 2nd period - Wrist shot by Jonathan Marchessault.
14:03 of 2nd period - Shot Misses the Net.
14:05 of 2nd period - Backhand shot by Brady Skjei.
14:05 of 2nd period - Shot Misses the Net.
14:09 of 2nd period - Snap shot by Martin Necas.
14:09 of 2nd period - Stopped by Ilya Sorokin with a rebound.
14:11 of 2nd period - Slapshot by Brady Skjei.
14:11 of 2nd period - Deflect By Zach Hyman.
14:11 of 2nd period - Stopped by Ilya Sorokin without a rebound.
14:12 of 2nd period - Dylan Larkin wins face-off versus J.T. Miller in Calgary Flames zone.
14:45 of 2nd period - Icing by Claude Giroux.
14:46 of 2nd period - Sebastian Aho wins face-off versus Martin Necas in Montreal Canadiens zone.
14:51 of 2nd period - Snap shot by Sebastian Aho.
14:51 of 2nd period - Stopped by David Rittich without a rebound.
14:52 of 2nd period - J.T. Miller wins face-off versus Claude Giroux in Montreal Canadiens zone.
15:24 of 2nd period - Wrist shot by Oliver Bjorkstrand.
15:24 of 2nd period - Shot Blocked by Jaden Schwartz.
15:26 of 2nd period - Slapshot by Kris Letang.
15:26 of 2nd period - Shot Blocked by Ilya Lyubushkin.
15:28 of 2nd period - Backhand shot by Kris Letang.
15:28 of 2nd period - Stopped by David Rittich with a rebound.
15:30 of 2nd period - Snap shot by Drew Doughty.
15:30 of 2nd period - Shot Misses the Net.
16:02 of 2nd period - Cole Sillinger is hit by Brady Skjei and loses puck.
16:07 of 2nd period - Snap shot by Aliaksei Protas.
16:07 of 2nd period - Stopped by Ilya Sorokin with a rebound.
16:53 of 2nd period - Wrist shot by Dylan Larkin.
16:53 of 2nd period - Shot Misses the Net.
16:55 of 2nd period - Wrist shot by Patrik Laine.
16:55 of 2nd period - Shot Misses the Net.
16:57 of 2nd period - Wrist shot by Patrik Laine.
16:57 of 2nd period - Deflect By Vincent Trocheck.
16:57 of 2nd period - Stopped by Ilya Sorokin with a rebound.
16:59 of 2nd period - Wrist shot by Adam Fox.
16:59 of 2nd period - Shot Misses the Net.
17:01 of 2nd period - Wrist shot by Vincent Trocheck.
17:01 of 2nd period - Stopped by Ilya Sorokin without a rebound.
17:02 of 2nd period - Claude Giroux wins face-off versus Zach Hyman in Calgary Flames zone.
17:42 of 2nd period - Backhand shot by Dylan Larkin.
17:42 of 2nd period - Deflect By Vincent Trocheck.
17:42 of 2nd period - Stopped by Ilya Sorokin without a rebound.
17:43 of 2nd period - Jake Evans wins face-off versus Cole Sillinger in Calgary Flames zone.
17:52 of 2nd period - Slapshot by Rasmus Andersson.
17:52 of 2nd period - Shot Misses the Net.
17:54 of 2nd period - Slapshot by Cole Sillinger.
17:54 of 2nd period - Shot Misses the Net.
17:56 of 2nd period - Wrist shot by Cole Sillinger.
17:56 of 2nd period - Shot Misses the Net.
17:58 of 2nd period - Slapshot by Jeff Petry.
17:58 of 2nd period - Stopped by David Rittich with a rebound.
18:09 of 2nd period - Minor Penalty to Sebastian Aho for Roughing.
18:10 of 2nd period - Claude Giroux wins face-off versus Pavel Zacha in Calgary Flames zone.
18:36 of 2nd period - Jonathan Marchessault is hit by Cole Sillinger and loses puck.
19:34 of 2nd period - Rasmus Andersson is hit by Claude Giroux and loses puck.
19:55 of 2nd period - Jeff Petry is hit by Vincent Trocheck and loses puck.
Goals for this period are 4 for Montreal Canadiens vs 1 for Calgary Flames.
Shots for this period are 15 for Montreal Canadiens vs 13 for Calgary Flames.
3rd period
0:01 of 3rd period - Claude Giroux wins face-off versus Joel Eriksson Ek in neutral zone.
0:09 of 3rd period - Penalty to Sebastian Aho is over, Sebastian Aho is back on ice.
2:12 of 3rd period - Ryan Lindgren is hit by Timo Meier and loses puck.
2:31 of 3rd period - Pavel Zacha is hit by Ryan Lindgren and loses puck.
2:55 of 3rd period - Juraj Slafkovsky is hit by Cole Sillinger and loses puck.
3:14 of 3rd period - Snap shot by Claude Giroux.
3:14 of 3rd period - Shot Blocked by Garnet Hathaway.
3:16 of 3rd period - Slapshot by Martin Necas.
3:16 of 3rd period - Stopped by Ilya Sorokin without a rebound.
3:17 of 3rd period - Claude Giroux wins face-off versus Joel Eriksson Ek in Calgary Flames zone.
3:20 of 3rd period - Snap shot by Jonathan Marchessault.
3:20 of 3rd period - Stopped by Ilya Sorokin without a rebound.
3:21 of 3rd period - Sebastian Aho wins face-off versus Claude Giroux in Calgary Flames zone.
3:34 of 3rd period - Snap shot by Sebastian Aho.
3:34 of 3rd period - Shot Misses the Net.
3:36 of 3rd period - Slapshot by Sebastian Aho.
3:36 of 3rd period - Stopped by David Rittich without a rebound.
3:37 of 3rd period - J.T. Miller wins face-off versus Dylan Larkin in Montreal Canadiens zone.
3:50 of 3rd period - Snap shot by J.T. Miller.
3:50 of 3rd period - Shot Misses the Net.
3:55 of 3rd period - Icing by Ryan Lindgren.
3:56 of 3rd period - Dylan Larkin wins face-off versus Sebastian Aho in Montreal Canadiens zone.
4:01 of 3rd period - Wrist shot by Dylan Larkin.
4:01 of 3rd period - Shot Misses the Net.
4:25 of 3rd period - Wrist shot by Vincent Trocheck.
4:25 of 3rd period - Shot Misses the Net.
4:47 of 3rd period - J.T. Miller is hit by Claude Giroux.
5:03 of 3rd period - Snap shot by Cole Sillinger.
5:03 of 3rd period - Shot Misses the Net.
6:45 of 3rd period - Jeremy Lauzon is hit by Damon Severson and loses puck.
7:57 of 3rd period - Tyler Myers is hit by Joel Eriksson Ek.
7:58 of 3rd period - Icing by Tyler Myers.
7:59 of 3rd period - Oliver Bjorkstrand wins face-off versus Jake Evans in Montreal Canadiens zone.
8:04 of 3rd period - Wrist shot by Joel Eriksson Ek.
8:04 of 3rd period - Shot Blocked by Jake Evans.
8:06 of 3rd period - Slapshot by Kris Letang.
8:06 of 3rd period - Shot Misses the Net.
8:08 of 3rd period - Slapshot by Oliver Bjorkstrand.
8:08 of 3rd period - Goal by Oliver Bjorkstrand - Montreal Canadiens : 4 - Calgary Flames : 3.
8:09 of 3rd period - Sebastian Aho wins face-off versus Claude Giroux in neutral zone.
8:16 of 3rd period - Slapshot by Drew Doughty.
8:16 of 3rd period - Stopped by David Rittich without a rebound.
8:17 of 3rd period - Claude Giroux wins face-off versus Sebastian Aho in Montreal Canadiens zone.
8:24 of 3rd period - Backhand shot by Martin Necas.
8:24 of 3rd period - Shot Blocked by Zach Hyman.
8:40 of 3rd period - Snap shot by Jonathan Marchessault.
8:40 of 3rd period - Stopped by Ilya Sorokin without a rebound.
8:41 of 3rd period - Pavel Zacha wins face-off versus Dylan Larkin in Calgary Flames zone.
9:39 of 3rd period - Drew Doughty is hit by Ryan Lindgren.
9:52 of 3rd period - Icing by Aliaksei Protas.
9:53 of 3rd period - Cole Sillinger wins face-off versus Luke Glendening in Montreal Canadiens zone.
10:06 of 3rd period - Snap shot by Nic Dowd.
10:06 of 3rd period - Stopped by David Rittich with a rebound.
10:08 of 3rd period - Wrist shot by Yakov Trenin.
10:08 of 3rd period - Stopped by David Rittich without a rebound.
10:09 of 3rd period - J.T. Miller wins face-off versus Claude Giroux in Montreal Canadiens zone.
10:12 of 3rd period - Snap shot by J.T. Miller.
10:12 of 3rd period - Shot Misses the Net.
10:14 of 3rd period - Snap shot by Matthew Tkachuk.
10:14 of 3rd period - Shot Hit the Post.
10:16 of 3rd period - Wrist shot by Matthew Tkachuk.
10:16 of 3rd period - Shot Blocked by Damon Severson.
10:18 of 3rd period - Wrist shot by Matthew Tkachuk.
10:18 of 3rd period - Shot Misses the Net.
10:26 of 3rd period - Wrist shot by J.T. Miller.
10:26 of 3rd period - Shot Blocked by Adam Fox.
11:00 of 3rd period - Patrik Laine is hit by Drew Doughty and loses puck.
11:13 of 3rd period - Snap shot by Yakov Trenin.
11:13 of 3rd period - Stopped by David Rittich without a rebound.
11:14 of 3rd period - J.T. Miller wins face-off versus Claude Giroux in Montreal Canadiens zone.
11:39 of 3rd period - Minor Penalty to Brady Skjei for Holding.
11:40 of 3rd period - Dylan Larkin wins face-off versus Sebastian Aho in Montreal Canadiens zone.
11:49 of 3rd period - Snap shot by J.T. Miller.
11:49 of 3rd period - Shot Misses the Net.
12:03 of 3rd period - Adam Fox is hit by Sebastian Aho and loses puck.
13:02 of 3rd period - Slapshot by Sebastian Aho.
13:02 of 3rd period - Shot Blocked by Dylan Larkin.
13:04 of 3rd period - Snap shot by Sebastian Aho.
13:04 of 3rd period - Stopped by David Rittich without a rebound.
13:05 of 3rd period - Dylan Larkin wins face-off versus Joel Eriksson Ek in Montreal Canadiens zone.
13:39 of 3rd period - Penalty to Brady Skjei is over, Brady Skjei is back on ice.
13:47 of 3rd period - Luke Glendening is hit by Nic Dowd and loses puck.
13:54 of 3rd period - Snap shot by Nic Dowd.
13:54 of 3rd period - Shot Blocked by Tyler Myers.
13:56 of 3rd period - Slapshot by Jake Middleton.
13:56 of 3rd period - Stopped by David Rittich with a rebound.
14:06 of 3rd period - Slapshot by Adam Fox.
14:06 of 3rd period - Shot Blocked by Jake Middleton.
15:34 of 3rd period - Minor Penalty to Timo Meier for Cross-checking.
15:35 of 3rd period - Patrik Laine wins face-off versus Joel Eriksson Ek in Calgary Flames zone.
15:51 of 3rd period - Slapshot by Patrik Laine.
15:51 of 3rd period - Stopped by Ilya Sorokin with a rebound.
16:58 of 3rd period - Pavel Zacha is hit by Dylan Larkin.
17:34 of 3rd period - Penalty to Timo Meier is over, Timo Meier is back on ice.
18:21 of 3rd period - Jeff Petry is hit by Ilya Lyubushkin and loses puck.
18:51 of 3rd period - Off-side.
18:52 of 3rd period - Bruce Boudreau call a timeout for Calgary Flames.
18:52 of 3rd period - J.T. Miller wins face-off versus Dylan Larkin in neutral zone.
18:55 of 3rd period - Dylan Larkin is hit by Pavel Zacha and loses puck.
19:06 of 3rd period - Snap shot by Dylan Larkin.
19:06 of 3rd period - Shot Blocked by Kris Letang.
19:08 of 3rd period - Wrist shot by Dylan Larkin.
19:08 of 3rd period - Stopped by Ilya Sorokin with a rebound.
19:10 of 3rd period - Snap shot by Vincent Trocheck.
19:10 of 3rd period - Shot Misses the Net.
19:18 of 3rd period - Snap shot by Dylan Larkin.
19:18 of 3rd period - Shot Blocked by J.T. Miller.
19:20 of 3rd period - Wrist shot by Ryan Lindgren.
19:20 of 3rd period - Stopped by Ilya Sorokin with a rebound.
19:22 of 3rd period - Slapshot by Dylan Larkin.
19:22 of 3rd period - Stopped by Ilya Sorokin without a rebound.
19:23 of 3rd period - J.T. Miller wins face-off versus Dylan Larkin in Calgary Flames zone.
19:32 of 3rd period - Kris Letang is hit by Dylan Larkin.
19:46 of 3rd period - Snap shot by Dylan Larkin.
19:46 of 3rd period - Shot Misses the Net.
19:48 of 3rd period - Snap shot by Adam Fox.
19:48 of 3rd period - Deflect By Vincent Trocheck.
19:48 of 3rd period - Shot Misses the Net.
19:48 of 3rd period - Puck is out of play.
19:49 of 3rd period - Dylan Larkin wins face-off versus J.T. Miller in Calgary Flames zone.
19:50 of 3rd period - Backhand shot by Vincent Trocheck.
19:50 of 3rd period - Stopped by Ilya Sorokin without a rebound.
19:51 of 3rd period - Dylan Larkin wins face-off versus J.T. Miller in Calgary Flames zone.
19:52 of 3rd period - Snap shot by Vincent Trocheck.
19:52 of 3rd period - Stopped by Ilya Sorokin without a rebound.
19:53 of 3rd period - J.T. Miller wins face-off versus Dylan Larkin in Calgary Flames zone.
Goals for this period are 0 for Montreal Canadiens vs 1 for Calgary Flames.
Shots for this period are 9 for Montreal Canadiens vs 8 for Calgary Flames.
Back to the Top